 Dungeon Crawl Stone Soup version 0.27-a0-1384-g1422d76b99 (webtiles) character file.

Game seed: 12261959635911890500

805 Sobieck the Stinger (level 7, -6/51 HPs)
             Began as a Gnoll Venom Mage on June 30, 2021.
             Mangled by a two-headed ogre (22 damage)
             ... on level 5 of the Dungeon.
             The game lasted 00:13:48 (6224 turns).

Sobieck the Stinger (Gnoll Venom Mage)              Turns: 6224, Time: 00:13:49

Health: -6/51      AC:  9    Str:  8    XL:     7   Next: 91%
Magic:  12/15      EV: 13    Int: 16    God:
Gold:   267        SH:  0    Dex: 12    Spells: 4/17 levels left

rFire    . . .     SeeInvis .   e - +2 dagger (freeze) {short}
rCold    . . .     Faith    .   (no shield)
rNeg     . . .     Spirit   .   q - +2 animal skin
rPois    .         Reflect  .   r - +1 helmet
rElec    .         Harm     .   C - +0 cloak
rCorr    .         Rampage  .   u - +0 pair of gloves
Will     +....                  z - +0 pair of boots
Stlth    +++.......             n - amulet of magic regeneration {@e2}
HPRegen  0.17/turn              y - ring of willpower
MPRegen  0.39/turn              (no ring)

@: very slightly contaminated
A: fangs 1, strong nose, distributed training
a: no special abilities


You were on level 5 of the Dungeon.
You visited 1 branch of the dungeon, and saw 6 of its levels.

You collected 267 gold pieces.


Innate Abilities, Weirdness & Mutations

You have very sharp teeth.
Your uncanny sense of smell can sniff out nearby items.
Your experience applies equally to all skills.


   Skills:
 + Level 2.8 Fighting
 + Level 2.8 Short Blades
 + Level 2.8 Long Blades
 + Level 2.8 Axes
 + Level 2.8 Maces & Flails
 + Level 2.8 Polearms
 + Level 2.8 Staves
 + Level 2.8 Slings
 + Level 2.8 Bows
 + Level 2.8 Crossbows
 + Level 2.8 Throwing
 + Level 2.8 Armour
 + Level 5.4 Dodging
 + Level 5.1 Stealth
 + Level 2.8 Shields
 + Level 2.8 Unarmed Combat
 + Level 5.8 Spellcasting
 + Level 2.2 Conjurations
 + Level 2.2 Hexes
 + Level 2.2 Summonings
 + Level 2.2 Necromancy
 + Level 2.2 Translocations
 + Level 3.1 Transmutations
 + Level 2.2 Fire Magic
 + Level 2.2 Ice Magic
 + Level 2.2 Air Magic
 + Level 2.2 Earth Magic
 + Level 5.9 Poison Magic
 + Level 3.1 Invocations
 + Level 2.8 Evocations


You had 4 spell levels left.
You knew the following spells:

 Your Spells              Type           Power      Damage    Failure   Level
a - Sting                 Tmut/Pois      76%        1d6       2%          1
b - Poisonous Vapours     Pois/Air       34%        N/A       4%          2
c - Ignite Poison         Fire/Tmut/Pois 16%        N/A       9%          3
d - Mephitic Cloud        Conj/Pois/Air  15%        N/A       10%         3
e - Olgreb's Toxic Radia  Pois           23%        N/A       12%         4

Your spell library contained the following spells:

 Spells                   Type           Power      Damage    Failure   Level


Inventory:

Hand Weapons
 c - a +0 quarterstaff {staff}
   (You found it on level 4 of the Dungeon)
 e - a +2 dagger of freezing (weapon) {short}
   (You found it on level 1 of the Dungeon)
Missiles
 b - 132 stones {throwing}
 d - 30 sling bullets
 f - 15 poisoned darts {throwing}
 h - 35 arrows
Armour
 a - a +0 robe
 j - a +0 robe of fire resistance
   (You found it on level 6 of the Dungeon)
 q - a +2 animal skin (worn)
   (You took it off Robin on level 2 of the Dungeon)
 r - a +1 helmet (worn)
   (You took it off Robin on level 2 of the Dungeon)
 u - a +0 pair of gloves (worn)
   (You found it on level 4 of the Dungeon)
 z - a +0 pair of boots (worn)
   (You found it on level 5 of the Dungeon)
 C - a +0 cloak (worn)
   (You found it on level 5 of the Dungeon)
Magical Staves
 p - a staff of air {!astaff}
   (You took it off a kobold on level 4 of the Dungeon)
Jewellery
 n - an amulet of magic regeneration (around neck) {@e2}
   (You found it on level 2 of the Dungeon)
 y - a ring of willpower (left hand)
   (You found it on level 5 of the Dungeon)
Scrolls
 k - 2 scrolls of vulnerability {!r!r}
 l - 2 scrolls of immolation {unknown}
 s - a scroll of fear
 v - a scroll of teleportation {unknown}
 x - 2 scrolls of identify {@r1}
 B - a scroll of magic mapping {unknown}
Potions
 g - 2 potions of might
 i - 2 potions of resistance {unknown}
 m - 4 potions of curing {@q1}
 o - 5 potions of haste {@q3}
 t - a potion of heal wounds {unknown}
 w - 2 potions of lignification {unknown}
 A - a potion of degeneration {unknown}
 D - 2 potions of cancellation {unknown}

Dungeon Overview and Level Annotations

Branches:
Dungeon (6/15)
 Temple: D:4-7

Altars:
Dithmenos
The Shining One

Annotations:
D:3 Grinder
D:5 exclusion: door

##.##..###.......#....).........
#..#..).........###..##...##....
##.##.............##..##.##.....
##.................#..###........
......#######'##.......#.........
......#........#..........##.....
......#........#...####..####....
###...#........#..## #..## #....
##..#........#@.#####...###....
###.#........#O........[.......
###...#........#........#..#.....
#.....#........#.#.#....#..#....#
###...#........#.###....#..##...#
#...##'#######...#........##...
##........................#....
##.#...............#...........
#..................##..........


You could see a two-headed ogre.


Message History

You hit the howler monkey zombie.
The howler monkey zombie hits you but does no damage.
You hit the howler monkey zombie.
You destroy the howler monkey zombie! 😕 HP[+1] No target in view!
h - 35 arrows (gained 16) 😕 HP[+1]
o - 5 potions of haste {@q3} (gained 2)
(D) Dungeon
Where to? (Enter - D:6, ? - help)
There is a stone staircase leading up here.
You climb upwards.
Level annotation: exclusion: door
There is a stone staircase leading down here. 😕 HP[+1]
C - a +0 cloak 😎 HP[+1]
Your hp is fully restored (51).
You start putting on your armour.
You continue putting on your +0 cloak. x4
You finish putting on your +0 cloak.
You start putting on your armour.
You continue putting on your +0 pair of boots. x4
You finish putting on your +0 pair of boots.
D - 2 fizzy ruby potions You see here a +0 giant club {mace}.
A two-headed ogre comes into view.
It is wielding a +0 giant spiked club and a +0 giant club.
The two-headed ogre shouts in stereo!
Casting: Poisonous Vapours (safe; 4% risk of failure)
Confirm with . or Enter, or press ? or * to list all spells.
Okay, then.
Poisonous vapours surround the two-headed ogre!
The two-headed ogre is poisoned. 😎 MP[-2]
You lost 2 mp, and now have 13/15 mp.
Poisonous vapours surround the two-headed ogre!
The two-headed ogre looks even sicker. 😎 MP[-2]
You lost 2 mp, and now have 11/15 mp.
Poisonous vapours surround the two-headed ogre!
The two-headed ogre looks even sicker. 😎 MP[-1]
You lost 1 mp, and now have 10/15 mp.
Poisonous vapours surround the two-headed ogre!
The two-headed ogre looks as sick as possible! 😎 MP[-2]
You lost 2 mp, and now have 8/15 mp. 😎 MP[+1] 😎 MP[+1] 😎 MP[+1] 😎 MP[+1] 😎 MP[+1] 😎 MP[+1]
Casting: Poisonous Vapours (safe; 4% risk of failure)
Confirm with . or Enter, or press ? or * to list all spells.
Aiming: Sting (safe; 2% risk of failure)
Press: ? - help, Shift-Dir - straight line, f/p - two-headed ogre
Aim: a two-headed ogre, wielding a +0 giant spiked club and a +0 giant club (moderately wounded, very poisoned, 88% to hit)
The sting hits the two-headed ogre but does no damage.
The two-headed ogre looks even sicker. 😎 MP[-1]
You lost 1 mp, and now have 13/15 mp. 😎 MP[+1] 😎 MP[+1]
Your mp is fully restored (15).
Casting: Sting (safe; 2% risk of failure)
Confirm with . or Enter, or press ? or * to list all spells.
Aiming: Sting (safe; 2% risk of failure)
Press: ? - help, Shift-Dir - straight line, f/p - two-headed ogre
Aim: a two-headed ogre, wielding a +0 giant spiked club and a +0 giant club (moderately wounded, very poisoned, 88% to hit)
The sting hits the two-headed ogre.
The two-headed ogre looks even sicker. 😎 MP[-1]
You lost 1 mp, and now have 14/15 mp. 😎 MP[+1]
Your mp is fully restored (15).
Casting: Sting (safe; 2% risk of failure)
Confirm with . or Enter, or press ? or * to list all spells.
Aiming: Sting (safe; 2% risk of failure)
Press: ? - help, Shift-Dir - straight line, f/p - two-headed ogre
Aim: a two-headed ogre, wielding a +0 giant spiked club and a +0 giant club (moderately wounded, very poisoned, 88% to hit)
You miscast Sting.
You are very lightly contaminated with residual magic.
Nothing appears to happen.
The two-headed ogre hits you with a +0 giant spiked club!
The two-headed ogre closely misses you. 😕 HP[-11] MP[-1]
You take 11 damage, and now have 40/51 hp.
MASSIVE DAMAGE!! (PAUSE)
You lost 1 mp, and now have 14/15 mp. 😕 MP[+1]
Your mp is fully restored (15). 😕 HP[+1]
Casting: Sting (safe; 2% risk of failure)
Confirm with . or Enter, or press ? or * to list all spells.
You ignite the poison in your surroundings!
The two-headed ogre seems to burn from within!!
The two-headed ogre hits you with a +0 giant spiked club!!
* * * LOW HITPOINT WARNING * * *
The two-headed ogre hits you with a +0 giant club!!
You die...

Skill      XL: |  1  2  3  4  5  6  7 |
---------------+----------------------+-----
Transmutations | 2 3 |  3.1
Spellcasting   | 5 |  5.8
Invocations    | 1 2 3 |  3.1
Fighting       | 1 2 |  2.8
Short Blades   | 1 2 |  2.8
Long Blades    | 1 2 |  2.8
Axes           | 1 2 |  2.8
Maces & Flails | 1 2 |  2.8
Polearms       | 1 2 |  2.8
Staves         | 1 2 |  2.8
Slings         | 1 2 |  2.8
Bows           | 1 2 |  2.8
Crossbows      | 1 2 |  2.8
Throwing       | 1 2 |  2.8
Armour         | 1 2 |  2.8
Shields        | 1 2 |  2.8
Unarmed Combat | 1 2 |  2.8
Evocations     | 1 2 |  2.8
Conjurations   | 1 2 |  2.2
Hexes          | 1 2 |  2.2
Summonings     | 1 2 |  2.2
Necromancy     | 1 2 |  2.2
Translocations | 1 2 |  2.2
Fire Magic     | 1 2 |  2.2
Ice Magic      | 1 2 |  2.2
Air Magic      | 1 2 |  2.2
Earth Magic    | 1 2 |  2.2
Dodging        | 5 |  5.4
Stealth        | 5 |  5.1
Poison Magic   | |  5.9

Action                   |  1- 3 |  4- 6 |  7- 9 || total
-------------------------+-------+-------+-------++-------
Melee: Dagger            |    63 |    42 |    26 ||   131
       Bite              |     1 |     2 |     2 ||     5
       Punch             |       |       |     1 ||     1
 Cast: Sting             |    51 |    27 |    11 ||    89
       Poisonous Vapours |       |    51 |    28 ||    79
       Ignite Poison     |       |       |     1 ||     1
  Use: Scroll            |       |     9 |     1 ||    10
 Stab: Sleeping          |     2 |       |       ||     2
Armor: Robe              |    12 |     3 |       ||    15
       Animal skin       |       |     8 |     4 ||    12
Dodge: Dodged            |    74 |    51 |    31 ||   156

Levels and vault maps discovered:
D:1:      evilmike_arrival_rings, layout_loops_ring,
          hellmonk_ecumenical_altar_lost_god
D:2:      layout_loops_ring
D:3:      layout_loops_ring, tso_metal_star, uniq_robin, uniq_grinder
D:4:      layout_rooms, st_stairs_6, minmay_misc_feat_roman, solitary_fountain
D:5:      layout_cave_pools, amcnicky_altar_gilded, minivault_25,
          minmay_divided_ellipse
D:6:      layout_basic, grunt_gozag_breadcrumbs, kennysheep_mini_moat,
          minmay_temple_entry_mist, minivault_10, nicolae_shop_firing_range,
          uniq_eustachio, uniq_crazy_yiuf_cottage

Notes
Turn   | Place    | Note
-------+----------+-------------------------------------------
     0 | D:1      | Sobieck the Gnoll Venom Mage began the quest for the Orb.
     0 | D:1      | Reached XP level 1. HP: 13/13 MP: 6/6
     0 | D:1      | magus.rc [v1.9.6]
   134 | D:2      | Reached skill level 2 in Transmutations
   495 | D:1      | Reached XP level 2. HP: 19/19 MP: 4/7
   681 | D:1      | HP: 4/20 [jackal (2)]
   947 | D:1      | Learned a level 2 spell: Poisonous Vapours
  1181 | D:1      | Reached XP level 3. HP: 19/25 MP: 2/9
  1265 | D:1      | Reached skill level 5 in Spellcasting
  1478 | D:1      | Found a faded altar of an unknown god.
  1587 | D:1      | Reached skill level 1 in Invocations
  1764 | D:2      | You fall into a shaft and drop 2 floors!
  1877 | D:2      | Reached skill level 1 in Fighting
  1877 | D:2      | Reached skill level 1 in Short Blades
  1877 | D:2      | Reached skill level 1 in Long Blades
  1877 | D:2      | Reached skill level 1 in Axes
  1877 | D:2      | Reached skill level 1 in Maces & Flails
  1877 | D:2      | Reached skill level 1 in Polearms
  1877 | D:2      | Reached skill level 1 in Staves
  1877 | D:2      | Reached skill level 1 in Slings
  1877 | D:2      | Reached skill level 1 in Bows
  1877 | D:2      | Reached skill level 1 in Crossbows
  1877 | D:2      | Reached skill level 1 in Throwing
  1877 | D:2      | Reached skill level 1 in Armour
  1877 | D:2      | Reached skill level 1 in Shields
  1877 | D:2      | Reached skill level 1 in Unarmed Combat
  1877 | D:2      | Reached skill level 1 in Evocations
  2348 | D:2      | Learned a level 3 spell: Ignite Poison
  2352 | D:2      | Learned a level 3 spell: Mephitic Cloud
  2391 | D:2      | Reached XP level 4. HP: 32/32 MP: 8/11
  2899 | D:3      | Noticed Robin
  3275 | D:2      | Killed Robin
  3384 | D:3      | Reached skill level 1 in Conjurations
  3384 | D:3      | Reached skill level 1 in Hexes
  3384 | D:3      | Reached skill level 1 in Summonings
  3384 | D:3      | Reached skill level 1 in Necromancy
  3384 | D:3      | Reached skill level 1 in Translocations
  3384 | D:3      | Reached skill level 1 in Fire Magic
  3384 | D:3      | Reached skill level 1 in Ice Magic
  3384 | D:3      | Reached skill level 1 in Air Magic
  3384 | D:3      | Reached skill level 1 in Earth Magic
  3523 | D:3      | Found a glowing golden altar of the Shining One.
  3651 | D:3      | Noticed Grinder
  4249 | D:4      | Reached XP level 5. HP: 26/37 MP: 7/12
  4504 | D:5      | Entered Level 5 of the Dungeon
  4597 | D:5      | Reached skill level 2 in Invocations
  4597 | D:5      | Reached XP level 6. HP: 44/44 MP: 5/13
  4605 | D:5      | Reached skill level 5 in Dodging
  4827 | D:4      | Reached skill level 2 in Fighting
  4827 | D:4      | Reached skill level 2 in Short Blades
  4827 | D:4      | Reached skill level 2 in Long Blades
  4827 | D:4      | Reached skill level 2 in Axes
  4827 | D:4      | Reached skill level 2 in Maces & Flails
  4827 | D:4      | Reached skill level 2 in Polearms
  4827 | D:4      | Reached skill level 2 in Staves
  4827 | D:4      | Reached skill level 2 in Slings
  4827 | D:4      | Reached skill level 2 in Bows
  4827 | D:4      | Reached skill level 2 in Crossbows
  4827 | D:4      | Reached skill level 2 in Throwing
  4827 | D:4      | Reached skill level 2 in Armour
  4827 | D:4      | Reached skill level 2 in Shields
  4827 | D:4      | Reached skill level 2 in Unarmed Combat
  4827 | D:4      | Reached skill level 2 in Evocations
  5057 | D:5      | Reached XP level 7. HP: 50/50 MP: 9/15
  5105 | D:5      | Learned a level 4 spell: Olgreb's Toxic Radiance
  5192 | D:5      | Reached skill level 2 in Conjurations
  5192 | D:5      | Reached skill level 2 in Hexes
  5192 | D:5      | Reached skill level 2 in Summonings
  5192 | D:5      | Reached skill level 2 in Necromancy
  5192 | D:5      | Reached skill level 2 in Translocations
  5192 | D:5      | Reached skill level 2 in Fire Magic
  5192 | D:5      | Reached skill level 2 in Ice Magic
  5192 | D:5      | Reached skill level 2 in Air Magic
  5192 | D:5      | Reached skill level 2 in Earth Magic
  5224 | D:5      | Found a shadowy altar of Dithmenos.
  5327 | D:5      | Reached skill level 3 in Transmutations
  5409 | D:5      | Reached skill level 5 in Stealth
  5571 | D:5      | Reached skill level 3 in Invocations
  5696 | D:5      | Noticed a yak
  5753 | D:4      | HP: 9/51 [ogre (9)]
  6185 | D:5      | Noticed a two-headed ogre
  6224 | D:5      | Mangled by a two-headed ogre

Vanquished Creatures
  4 ogres (D:5)
  3 scorpions
  A howler monkey (D:4)
  An orc priest (D:4)
  3 iguanas
  Robin (D:2)
  A howler monkey zombie (D:6)
  2 adders
  A howler monkey skeleton (D:5)
  2 ufetubi
  A dart slug (D:4)
  6 orcs
  6 endoplasms
  2 giant cockroaches (D:1)
  6 goblins
  12 hobgoblins
  12 jackals
  2 quokkas
  2 ball pythons
  7 bats
  2 frilled lizards (D:3)
  10 kobolds
  7 rats
94 creatures vanquished.

Table legend:
 A = Non-vault XP
 B = Vault XP
 C = Vault XP percentage of total XP
 D = Non-vault monster count
 E = Vault monster count
 F = Vault count percentage of total count
                 A         B        C        D         E       F
            +---------+---------+-------+---------+---------+-------
      Total |     902 |     249 |  21.6 |      79 |      15 |  16.0
            +---------+---------+-------+---------+---------+-------
        D:1 |      50 |       0 |   0.0 |      30 |       0 |   0.0
        D:2 |      29 |      24 |  45.3 |      17 |       5 |  22.7
        D:3 |      23 |       6 |  20.7 |       9 |       3 |  25.0
        D:4 |     251 |       2 |   0.8 |      16 |       1 |   5.9
        D:5 |     533 |     217 |  28.9 |       6 |       6 |  50.0
        D:6 |      16 |       0 |   0.0 |       1 |       0 |   0.0
            +---------+---------+-------+---------+---------+-------

Illustrated notes

Table legend:
 A = Kills in this place as a percentage of kills in entire the game.
 B = Kills by you in this place as a percentage of kills by you in the entire game.
 C = Kills by friends in this place as a percentage of kills by friends in the entire game.
 D = Other kills in this place as a percentage of other kills in the entire game.
 E = Experience gained in this place as a percentage of experience gained in the entire game.
 F = Experience gained in this place divided by the number of levels of this place that you have seen.
                   A       B       C       D       E      F
               +-------+-------+-------+-------+-------+----------------------
         Total | 100.0 | 100.0 |   N/A |   N/A | 100.0 | 191.8
       Dungeon | 100.0 | 100.0 |   N/A |   N/A | 100.0 | 191.8
               +-------+-------+-------+-------+-------+----------------------

Table legend: (Time is in decaauts)
 A = Elapsed time spent in this place.
 B = Non-inter-level travel time spent in this place.
 C = Inter-level travel time spent in this place.
 D = Time resting spent in this place.
 E = Time spent auto-exploring this place.
 F = Levels seen in this place.
 G = Mean time per level.
                   A        B        C        D        E       F      G
               +--------+--------+--------+--------+--------+-----+--------+
         Total |   6231 |   6016 |    215 |   1361 |   3532 |   6 | 1038.5 |
       Dungeon |   6231 |   6016 |    215 |   1361 |   3532 |   6 | 1038.5 |
               +--------+--------+--------+--------+--------+-----+--------+

Top non-repeatable levels by time:
     D:1: 1738 daAuts
     D:2: 1451 daAuts
     D:5: 1139 daAuts
     D:4: 1023 daAuts
     D:3: 836 daAuts
     D:6: 43 daAuts
